 Dungeon Crawl Stone Soup version 0.21-a0-125-gb006224 (webtiles) character file.

241 muwn the Skirmisher (level 5, -1/41 HPs)
             Began as a Mummy Wanderer on July 14, 2017.
             Slain by p0werm0de's ghost (6 damage)
             ... on level 4 of the Dungeon.
             The game lasted 00:13:07 (6762 turns).

muwn the Skirmisher (Mummy Wanderer)                Turns: 6762, Time: 00:13:08

Health: -1/41      AC:  6    Str: 17    XL:     5   Next: 80%
Magic:  5/5        EV:  6    Int:  9    God:
Gold:   147        SH:  0    Dex: 13    Spells: 4/4 levels left

rFire    x . .     SeeInvis .   n - +0 short sword
rCold    + . .     Gourm    .   (no shield)
rNeg     + + +     Faith    .   a - +3 leather armour
rPois    ∞         Spirit   .   (no helmet)
rElec    .         Reflect  .   (no cloak)
rCorr    .         Harm     .   (no gloves)
MR       .....                  (no boots)
Stlth    ++........             h - amulet of magic regeneration
HPRegen  0.13/turn              (no ring)
MPRegen  0.34/turn              (no ring)

@: petrifying, slowed, very slow
A: no food or potions, fire vulnerability, cold resistance 1, negative energy
resistance 3, torment resistance, unbreathing
a: no special abilities


You were on level 4 of the Dungeon.
You were not hungry.

You visited 1 branch of the dungeon, and saw 4 of its levels.

You collected 147 gold pieces.

Inventory:

Hand Weapons
 c - a +0 shortbow
 e - a +0 dagger
 n - a +0 short sword (weapon)
Missiles
 o - 10 stones (quivered)
Armour
 a - a +3 leather armour (worn)
 b - a +0 ring mail
Jewellery
 h - an amulet of magic regeneration (around neck)
Wands
 d - a wand of iceblast (11/15)
 p - a wand of iceblast (7/15)
Scrolls
 f - a scroll of identify
 k - a scroll of amnesia
 l - a scroll of immolation {unknown}
 m - 2 scrolls of remove curse {unknown}


   Skills:
 + Level 3.6 Fighting
 - Level 3.1 Short Blades
 + Level 2.6 Bows
 - Level 1.0 Armour
 - Level 1.5 Dodging
 - Level 1.5 Stealth
   Level 1.0 Shields


You had 4 spell levels left.
You didn't know any spells.

Dungeon Overview and Level Annotations

Branches:
Dungeon (4/15)
 Temple: D:4-7

Altars:
Xom

Annotations:
D:2 Terence
D:3 Edmund
D:4 p0werm0de's ghost, amateur DsCK


Innate Abilities, Weirdness & Mutations

You do not eat or drink.
Your flesh is vulnerable to fire.
You are immune to poison.
Your flesh is cold resistant. (rC+)
You are immune to negative energy. (rN+++)
You are immune to unholy pain and torment.
You can survive without breathing.


Message History

A bullfrog skeleton comes into view.
The phantom blinks!
P0werm0de's ghost hits you!
* * * LOW HITPOINT WARNING * * *
You feel yourself slow down.
Found 6 tomahawks.
Found a stone staircase leading down.
Unknown command.
Unknown command.
Unknown command.
P0werm0de's ghost hits you.
* * * LOW HITPOINT WARNING * * *
You are slowing down.
The phantom hits you.
* * * LOW HITPOINT WARNING * * *
Unknown command.
The giant cockroach bites you.
* * * LOW HITPOINT WARNING * * *
The phantom blinks!
The giant cockroach closely misses you. P0werm0de's ghost hits you!
You die...

##.## #...#
#...# #...#
#...# #.W.#####
####..§#...###
........W.....#
........s@....#
...............#
######...#...(##
#...####.# #..>.
.# #...# ..#
#... . #. .###
....


You could see a phantom, p0werm0de's ghost and a giant cockroach.

Vanquished Creatures
  Ijyb (D:3)
  Jessica (D:3)
  8 adders
  3 oozes
  3 worms
  2 dart slugs
  A leopard gecko (D:2)
  5 orcs (D:3)
  A ball python (D:3)
  6 giant cockroaches
  3 goblins
  12 hobgoblins
  7 jackals
  6 kobolds
  3 quokkas
  10 bats
  5 frilled lizards
  10 rats
87 creatures vanquished.

Notes
Turn   | Place    | Note
-------+----------+-------------------------------------------
     0 | D:1      | muwn the Mummy Wanderer began the quest for the Orb.
     0 | D:1      | muwn set off with: a +2 leather armour, a +0 ring mail, a +0 shortbow, 21 arrows, a +0 dagger
     0 | D:1      | Reached XP level 1. HP: 16/16 MP: 1/1
   385 | D:1      | Reached XP level 2. HP: 21/22 MP: 2/2
  1366 | D:2      | Reached XP level 3. HP: 10/27 MP: 3/3
  1753 | D:2      | Noticed Terence
  2697 | D:3      | Reached XP level 4. HP: 25/33 MP: 4/4
  3263 | D:3      | Found a shimmering altar of Xom.
  3881 | D:3      | Noticed Jessica
  3886 | D:3      | Noticed Ijyb
  4973 | D:3      | Killed Ijyb
  4973 | D:3      | Reached XP level 5. HP: 26/41 MP: 5/5
  5091 | D:3      | Killed Jessica
  5405 | D:4      | Noticed Edmund
  5409 | D:4      | Noticed a phantom
  6602 | D:4      | Noticed p0werm0de's ghost (amateur DsCK)
  6762 | D:4      | Slain by p0werm0de's ghost

Vault maps used:
D:1:      ncdulo_wetmaze
D:2:      cheibrodos_pilgrimage, first_bread, uniq_terence
D:3:      tgw_xom, roderic_malta_cross, kennysheep_generic_room_9, uniq_jessica,
          uniq_ijyb
D:4:      st_stairs_6, uniq_edmund

Skill      XL: |  1  2  3  4  5 |
---------------+----------------+-----
Short Blades   | 2 3 |  3.1
Fighting       | 3 |  3.6
Bows           | 2 |  2.6
Armour         | |  1.0
Dodging        | |  1.5
Stealth        | |  1.5
Shields        | |  1.0

Action                   |  1- 3 |  4- 6 || total
-------------------------+-------+-------++-------
Melee: Dagger            |   196 |   237 ||   433
       Short sword       |       |    75 ||    75
 Fire: Shortbow          |    43 |    45 ||    88
Throw: Tomahawk          |     6 |    13 ||    19
       Stone             |       |     9 ||     9
  Use: Scroll            |     2 |     3 ||     5
 Stab: Sleeping          |     2 |     2 ||     4
       Distracted        |     1 |       ||     1
Armor: Leather armour    |   104 |   130 ||   234
Dodge: Dodged            |   176 |   215 ||   391
